 Dungeon Crawl Stone Soup version 0.27.1 (webtiles) character file.

Game seed: 17813918926211929829

81 Kala the Insei (level 4, -4/28 HPs)
             Began as an Octopode Transmuter on Sept 1, 2021.
             Was a Believer of Lugonu.
             Slain by a kobold brigand (5 damage)
             ... in a sewer.
             The game lasted 00:09:20 (3004 turns).

Kala the Insei (Octopode Transmuter)                Turns: 3004, Time: 00:09:20

Health: -4/28      AC:  1    Str: 10    XL:     4   Next: 40%
Magic:  0/7        EV: 13    Int: 15    God:    Lugonu [**....]
Gold:   81         SH:  0    Dex: 12    Spells: 1/7 levels left

rFire    . . .     SeeInvis .     - Unarmed
rCold    . . .     Faith    .   (no shield)
rNeg     . . .     Spirit   +   (helmet restricted)
rPois    .         Reflect  .   f - amulet of guardian spirit
rElec    .         Harm     .   (no ring)
rCorr    .         Rampage  .   (no ring)
Will     .....                  (no ring)
Stlth    +++.......             (no ring)
HPRegen  0.09/turn              (no ring)
MPRegen  0.10/turn              (no ring)
                                (no ring)
                                (no ring)

@: lethally poisoned (-4 -> -14), attractive
A: almost no armour, amphibious, 8 rings, camouflage 1, gelatinous body 1,
(nimble swimmer 1), tentacles
a: Renounce Religion, Depart the Abyss, Bend Space


You were in a sewer.
You worshipped Lugonu.
Lugonu was pleased with you.
You visited 1 branch of the dungeon, and saw 3 of its levels.
You also visited: Sewer.

You collected 81 gold pieces.

Inventory:

Jewellery
 f - an amulet of guardian spirit (around mantle)
Scrolls
 a - a scroll of blinking {unknown}
 d - 2 scrolls of identify {unknown}
Potions
 b - a potion of attraction
 c - a potion of might
 e - a potion of lignification {unknown}
 g - a potion of heal wounds {unknown}


   Skills:
 + Level 1.5 Fighting
 + Level 2.2 Dodging
 * Level 2.7 Stealth
 + Level 3.2 Unarmed Combat
 + Level 2.2 Spellcasting
 * Level 2.6 Transmutations
 * Level 1.3 Poison Magic


You had one spell level left.
You knew the following spells:

 Your Spells              Type           Power      Damage    Failure   Level
a - Beastly Appendage     Tmut           18%        N/A       8%          1
b - Wereblood             Tmut           9%         N/A       11%         2
c - Spider Form           Tmut/Pois      3%         N/A       28%         3

Your spell library contained the following spells:

 Spells                   Type           Power      Damage    Failure   Level
 Ice Form                 Ice/Tmut       5%         N/A       77%         4


Dungeon Overview and Level Annotations

Branches:
Dungeon (3/15)              Sewer (1/1)

Altars:
Lugonu

Shops:
D:3 !


Innate Abilities, Weirdness & Mutations

You cannot wear most types of armour.
You are amphibious.
You can wear up to eight rings at the same time.
Your skin changes colour to match your surroundings (Stealth+).
Your rubbery body absorbs attacks. (AC +1, EV +1)
((You are camouflaged near water. (Stealth+)))
You have tentacles for arms and can constrict up to eight enemies at once.


Message History

The kobold completely misses you.
You hit the kobold.
The kobold is poisoned.
The kobold is moderately wounded.
The kobold misses you. The kobold hits you with a +0 whip!
Your magical contamination has completely faded away.
You hit the kobold.
You kill the kobold!
Lugonu accepts your kill. The kobold hits you with a +0 club.
You are too injured to fight recklessly!
You are too injured to fight recklessly!
You hit the kobold.
You kill the kobold!
Lugonu accepts your kill.
You hear a splash. x3
Found a fizzy coppery potion and a fuming sapphire potion.
Items here: ( )) ÷ ††.
The kobold brigand throws a poisoned dart.
The poisoned dart hits you!
You are lethally poisoned!
There is an open door here.
You feel very sick.
You hit the kobold brigand but do no damage.
The kobold brigand is poisoned.
* * * LOW HITPOINT WARNING * * *
You feel very sick.
The kobold brigand hits you with a +0 short sword.
You hit the kobold brigand.
The kobold brigand looks as sick as possible!
The kobold brigand is moderately wounded.
Your transformation has ended.
* * * LOW HITPOINT WARNING * * *
You feel very sick. The kobold brigand barely misses you.
It was a potion of attraction.
You feel attractive to monsters.
* * * LOW HITPOINT WARNING * * *
You feel sick.
The kobold brigand hits you with a +0 short sword.
You die...

#####################
≈≈≈≈≈≈≈≈≈≈≈≈≈≈≈≈≈≈≈≈≈
≈≈≈≈≈≈≈≈≈≈≈≈≈≈≈≈≈≈≈≈≈
########≈≈≈≈≈≈#######
#!!#[?##≈#≈#≈#..#..#
....!#≈#≈#≈##.....#
##...###≈#≈#≈##...##
#..K..#≈#≈#≈##.....#
#..@..##≈#≈#≈#.))..#
###'###≈#≈#÷####'###
#...)≈≈≈≈≈≈≈≈≈≈....#
#...))≈≈≈≈≈≈≈≈≈≈...#
##.....≈≈≈≈≈≈≈≈.....
#....#≈≈≈≈≈≈≈≈.....
#....##≈≈≈≈≈≈≈....#
#.....#≈≈≈≈≈≈≈≈...#
#......≈≈≈≈≈≈≈≈...#


You could see a kobold brigand (extremely poisoned).

Vanquished Creatures
  2 adders (Sewer)
  A river rat (Sewer)
  4 dart slugs
  7 bats
  3 endoplasms
  2 giant cockroaches (D:3)
  2 goblins
  2 hobgoblins
  A quokka (D:1)
  4 ball pythons
  5 frilled lizards
  9 kobolds
  9 rats
51 creatures vanquished.

Notes
Turn   | Place    | Note
-------+----------+-------------------------------------------
     0 | D:1      | Kala the Octopode Transmuter began the quest for the Orb.
     0 | D:1      | Reached XP level 1. HP: 13/13 MP: 3/3
   339 | D:1      | Reached XP level 2. HP: 17/18 MP: 3/5
   342 | D:1      | Learned a level 2 spell: Wereblood
   427 | D:1      | Found a faded altar of an unknown god.
   429 | D:1      | Noticed an eye of devastation
   429 | D:1      | Noticed a shining eye
   430 | D:1      | Noticed an eye of devastation
   430 | D:1      | Noticed a great orb of eyes
   497 | D:1      | Became a worshipper of Lugonu the Unformed
   497 | D:1      | Reached * piety under Lugonu
   497 | D:1      | Reached ** piety under Lugonu
   690 | D:1      | Reached skill level 1 in Stealth
  1410 | D:2      | Reached skill level 1 in Poison Magic
  1672 | D:2      | Reached XP level 3. HP: 23/23 MP: 4/6
  1677 | D:2      | Learned a level 3 spell: Spider Form
  2250 | D:2      | You fall into a shaft and drop 1 floor!
  2250 | D:3      | Found a glowing drain.
  2257 | D:3      | Found Ylisapt's Distillery.
  2338 | Sewer    | Entered a sewer
  2621 | Sewer    | Reached XP level 4. HP: 28/28 MP: 0/7
  2979 | Sewer    | Noticed a kobold brigand
  3004 | Sewer    | HP: 1/28 [poisoned by a kobold brigand]
  3004 | Sewer    | Slain by a kobold brigand

Illustrated notes

Levels and vault maps discovered:
D:1:      wheals_arrival_linesprint, layout_loops_corners,
          hellmonk_ecumenical_altar_watching_god
D:2:      layout_loops_corners
D:3:      layout_basic, serial_shops, shop, portal_sewer_entry_a
Sewer:    sewer_minmay_treatment

Skill      XL: |  1  2  3 |
---------------+----------+-----
Stealth        | 1 2 |  2.7
Poison Magic   | 1 |  1.3
Fighting       | |  1.5
Dodging        | |  2.2
Unarmed Combat | |  3.2
Spellcasting   | |  2.2
Transmutations | |  2.6

Action                   |  1- 3 |  4- 6 || total
-------------------------+-------+-------++-------
Melee: Unarmed           |    87 |    23 ||   110
       Kick              |    14 |     1 ||    15
       Constrict         |    19 |     3 ||    22
       Tentacles         |     8 |     1 ||     9
       Punch             |     2 |       ||     2
 Cast: Beastly Appendage |    20 |     2 ||    22
       Spider Form       |     2 |     1 ||     3
       Wereblood         |     2 |       ||     2
  Use: Potion            |       |     1 ||     1
 Stab: Sleeping          |     7 |     1 ||     8
Armor: Skin              |     9 |     1 ||    10
Dodge: Dodged            |    61 |    14 ||    75
